Map: Beckett Industries LE

Players

Player 2 - Winner!

  • Race: Terran Terran

TheAbbott

  • Race: Terran Terran
  • League: Bronze

VOD

Have the link to the VOD?

Description

Time

  • Played on: July 23, 2021, 4:37 p.m.
  • Length: 4:06
Show
View Real Time Build Order
Export as new Build Order

Player 2 Terran - Winner!

Build Orders:  

Get SALT Encoding   

  12  0:00  SCV  
  13  0:13  SCV  
  14  0:18  Supply Depot  
  14  0:36  Refinery  
  14  0:42  Barracks  
  14  1:06  Supply Depot  
  14  1:13  Refinery  
  14  1:29  SCV  
  14  1:30  Marine  
  16  1:41  SCV  
  17  1:54  SCV  
  18  2:03  Marine  
  18  2:06  SCV  
  20  2:18  SCV  
  21  2:30  SCV  
  22  2:37  Marine  
  22  2:42  Orbital Command  
Show
View Real Time Build Order
Export as new Build Order

TheAbbott Terran 

Build Orders: 1/1/1 

Get SALT Encoding   

  12  0:00  SCV  
  13  0:13  SCV  
  14  0:17  Supply Depot  
  14  0:25  SCV  
  15  0:30  Refinery  
  15  0:38  SCV  
  16  0:48  Barracks  
  16  0:50  SCV  
  16  0:56  Refinery  
  17  1:04  SCV  
  18  1:16  SCV  
  19  1:28  SCV  
  20  1:35  Marine  
  20  1:39  Factory  
  21  1:41  Orbital Command  
  21  1:47  Supply Depot  
  21  1:55  Marine  
  22  2:07  SCV  
  23  2:14  Marine  
  24  2:19  SCV  
  25  2:24  Factory Tech Lab  
  25  2:29  Starport  
  25  2:31  SCV  
  25  2:32  Marine  
  25  2:36  Supply Depot  
  27  2:43  SCV  
  27  2:44  Siege Tank  
  31  2:58  Marine  
  32  3:03  Supply Depot  
  27  3:05  Medivac  
  34  3:15  Marine  
  34  3:16  Siege Tank  
  38  3:33  Marine  
  39  3:35  Medivac  
  41  3:49  Command Center  
Tags
 
Add a new tag
Caveats
  • Supply blocks, unpowered buildings, or Contaminate may cause inaccurate times.
  • Supply counts are checked every 10 seconds.